 Dungeon Crawl Stone Soup version 0.18-b1-14-g029dad2 (webtiles) character file.

412 Alarkh the Ruffian (level 6, -5/47 HPs)
             Began as a Draconian Transmuter on Apr 30, 2016.
             Was an Initiate of Okawaru.
             Killed from afar by Dowan (14 damage)
             ... with a wand of flame
             ... on level 4 of the Dungeon.
             The game lasted 00:04:29 (2940 turns).

Alarkh the Ruffian (Draconian Transmuter)           Turns: 2940, Time: 00:04:30

Health: -5/47      AC:  2    Str: 12    XL:     6   Next: 59%
Magic:  7/9        EV: 19    Int: 16    God:    Okawaru [......]
Gold:   156        SH:  0    Dex: 16    Spells: 2 memorised, 5 levels left

rFire  . . .     SeeInvis .       - Unarmed
rCold  . . .     Gourm    .     (armour unavailable)
rNeg   . . .     Faith    .     (shield currently unavailable)
rPois  x         Spirit   .     (helmet currently unavailable)
rElec  .         Dismiss  .     (cloak currently unavailable)
rCorr  .         Reflect  .     (gloves currently unavailable)
SustAt .         Harm     .     (boots currently unavailable)
MR     .....                    d - amulet of rage
Stlth  +.........               (no ring)
                                (no ring)

@: spider-form (expiring), not resistant to hostile enchantments, very
unstealthy
A: unfitting armour, (cold-blooded), AC +6
a: End Transformation, Renounce Religion, Evoke Berserk Rage


You were on level 4 of the Dungeon.
You worshipped Okawaru.
Okawaru was noncommittal.
You were not hungry.
You were a venomous arachnid creature.
You visited 1 branch of the dungeon, and saw 4 of its levels.

You collected 156 gold pieces.

Inventory:

Missiles
 s - a throwing net (quivered)
Magical Staves
 o - an uncursed staff of cold
Jewellery
 d - an amulet of rage (around neck)
Scrolls
 e - a scroll of noise {unknown}
 m - 2 scrolls of remove curse
 n - 2 scrolls of enchant weapon
Potions
 f - a potion of might
 g - a potion of magic
 k - 2 potions of haste
 q - a potion of invisibility {unknown}
 r - a potion of curing {unknown}
Books
 b - a book of Changes

   Spells                             Type                      Level
   a - Beastly Appendage              Transmutation                1
   b - Sticks to Snakes               Transmutation                2
   c - Spider Form                    Transmutation/Poison         3
   d - Ice Form                       Ice/Transmutation            4
   e - Blade Hands                    Transmutation                5
Miscellaneous
 h - a plain deck of destruction
Comestibles
 a - 8 chunks of flesh
 c - 5 bread rations
 i - a beef jerky
 j - a slice of pizza
 l - 3 meat rations
 p - 2 fruits


   Skills:
 - Level 1.1 Fighting
 - Level 1.7 Dodging
 + Level 7.5 Unarmed Combat
 - Level 2.0 Spellcasting
 - Level 2.0 Transmutations


You had 5 spell levels left.
You knew the following spells:

 Your Spells              Type           Power        Failure   Level  Hunger
a - Beastly Appendage     Trmt           #.....       24%         1    #......
b - Spider Form           Trmt/Pois      #.........   61%         3    ###....


Dungeon Overview and Level Annotations

Branches:
Dungeon (4/15)
 Temple: D:4-7

Altars:
Nemelex Xobeh
Okawaru

Annotations:
D:4 Dowan, Duvessa


Innate Abilities, Weirdness & Mutations

((Your plain brown scales are hard (AC +6).))
Your body does not fit into most forms of armour.
((You are cold-blooded and may be slowed by cold attacks.))


Message History

Found 27 arrows.
You fail to use your ability.
You fail to use your ability.
You fail to use your ability.
Your transformation is almost over.
Duvessa hits you with a short sword!
You fail to use your ability.
Duvessa misses you.
You fail to use your ability.
Duvessa misses you.
You fail to use your ability.
Dowan closely misses you. Duvessa hits you with a short sword.
You fail to use your ability.
Dowan hits you with a dagger. Duvessa hits you with a short sword!
You fail to use your ability.
Dowan zaps a wand.
The puff of flame hits you!
* * * LOW HITPOINT WARNING * * *
Duvessa completely misses you.
Drink which item? (? for menu, Esc to quit)
Okay, then.
You fail to use your ability.
Dowan completely misses you.
You fail to use your ability.
Dowan zaps a wand.
The puff of flame hits you!
You die...

#..(...#
#......#
.....>## ......#
.....# ....####.
#e$...... #e#
#####s# #.....#
+.....#### ###
#........#
....#....###.#
#.....####.##.
....#...........
....###.########
##'#########


You could see Duvessa and Dowan.

Vanquished Creatures
  Sigmund (D:3)
  An orc priest (D:4)
  A centaur skeleton (D:4)
  Terence (D:3)
  An orc wizard (D:4)
  4 gnolls
  A howler monkey skeleton (D:4)
  5 adders
  An ooze (D:2)
  2 dart slugs
  A giant gecko (D:1)
  8 orcs
  4 bats
  2 giant cockroaches (D:1)
  4 goblins
  6 hobgoblins
  2 jackals (D:2)
  5 kobolds
  A quokka (D:2)
  2 giant newts (D:2)
  7 rats
60 creatures vanquished.

Notes
Turn   | Place    | Note
--------------------------------------------------------------
     0 | D:1      | Alarkh the Draconian Transmuter began the quest for the Orb.
     0 | D:1      | Reached XP level 1. HP: 16/16 MP: 3/3
   173 | D:1      | Reached XP level 2. HP: 16/23 MP: 3/5
   184 | D:1      | Reached skill level 4 in Unarmed Combat
   701 | D:2      | Reached XP level 3. HP: 28/28 MP: 4/6
   710 | D:2      | Learned a level 3 spell: Spider Form
  1657 | D:3      | Reached skill level 5 in Unarmed Combat
  1657 | D:3      | Reached XP level 4. HP: 28/35 MP: 7/7
  1685 | D:3      | Noticed Terence
  1930 | D:3      | Killed Terence
  1965 | D:3      | Noticed Sigmund
  2001 | D:3      | Killed Sigmund
  2001 | D:3      | Reached skill level 6 in Unarmed Combat
  2001 | D:3      | Reached XP level 5. HP: 12/40 MP: 3/8
  2196 | D:3      | Reached XP level 6. HP: 16/47 MP: 1/9
  2616 | D:3      | Found an iron altar of Okawaru.
  2642 | D:3      | Found a sparkling altar of Nemelex Xobeh.
  2674 | D:3      | Became a worshipper of Warmaster Okawaru
  2807 | D:4      | Reached skill level 7 in Unarmed Combat
  2925 | D:4      | Noticed Dowan
  2928 | D:4      | Noticed Duvessa
  2940 | D:4      | Killed from afar by Dowan

Skill      XL: |  1  2  3  4  5  6 |
---------------+-------------------+-----
Unarmed Combat | 4 5 6 7 |  7.5
Fighting       | |  1.1
Dodging        | |  1.7
Spellcasting   | |  2.0
Transmutations | |  2.0

Action                   |  1- 3 |  4- 6 || total
-------------------------+-------+-------++-------
Melee: Unarmed           |   105 |    92 ||   197
       Tailslap          |    14 |     4 ||    18
       Kick              |     5 |     7 ||    12
       Headbutt          |     5 |       ||     5
       Punch             |     1 |     1 ||     2
 Cast: Beastly Appendage |    19 |     9 ||    28
       Spider Form       |       |     7 ||     7
 Abil: Evoke Berserk Rag |       |     1 ||     1
  Use: Scroll            |     2 |     6 ||     8
       Potion            |       |     1 ||     1
  Eat: Chunk             |     3 |     6 ||     9
Armor: Skin              |    31 |    31 ||    62
Dodge: Dodged            |    66 |    63 ||   129
